[Event "Early Titled Tuesday Blitz | February 8 2022"]
[White "Pinheiro, Iung Alicio de O."]
[Black "FGHSMN"]
[WhiteFideId "2104350"]
[WhiteElo "2606"]
[BlackElo "2766"]
[Result "0-1"]
[Round "09"]
[TimeControl "180+1"]
[Date "2022.02.08"]
[WhiteClock "0:00:05"]
[BlackClock "0:00:14"]

1. e4 c5 2. Nf3 e6 3. c3 Nf6 4. e5 Nd5 5. Bc4 Nb6 6. Bb3 Nc6 7. Qe2 d6 8. d4 cxd4 9. cxd4 dxe5 10. dxe5 Bb4+ 11. Nbd2 O-O 12. O-O Nd4 13. Nxd4 Qxd4 14. Nf3 Qg4 15. h3 Qh5 16. Bf4 Bd7 17. Qe4 Be7 18. Nd4 Rab8 19. Rac1 Qg6 20. Qe2 Bg5 21. Bxg5 Qxg5 22. Rc7 Rfc8 23. Rxd7 Nxd7 24. Nxe6 Qxe5 25. Qg4 Nc5 26. Nxc5 Rxc5 27. Rd1 Rc7 28. g3 h6 29. Rd7 Rxd7 30. Qxd7 Qf6 31. h4 a5 32. Qc7 Re8 33. Qxb7 Re1+ 34. Kg2 Re2 35. Qc8+ Kh7 36. Qc5 Rxb2 37. Bc2+ g6 38. h5 Rxa2 39. hxg6+ fxg6 40. Qc7+ Qg7 41. Qc4 Rb2 42. f4 a4 43. f5 gxf5 44. Kf3 Qb7+ 45. Ke3 Rxc2 46. Qxc2 Qe4+ 0-1


[Site "https://www.chess.com"]

[Event "Early Titled Tuesday Blitz | February 8 2022"]
[White "Politov, Pavel Y."]
[Black "Gontcharov, Vladislav"]
[WhiteFideId "24110515"]
[BlackFideId "4123492"]
[WhiteElo "2090"]
[BlackElo "2503"]
[Result "1/2-1/2"]
[Round "09"]
[TimeControl "180+1"]
[Date "2022.02.08"]
[WhiteClock "0:00:04"]
[BlackClock "0:00:11"]

1. e4 e6 2. d4 d5 3. Nc3 Bb4 4. e5 c5 5. a3 Bxc3+ 6. bxc3 Ne7 7. Qg4 O-O 8. Bh6 Ng6 9. Bd2 f5 10. Qd1 b6 11. f4 Ba6 12. Bxa6 Nxa6 13. Nf3 Rc8 14. O-O Nb8 15. c4 dxc4 16. dxc5 Rxc5 17. Bb4 Rd5 18. Qe2 Re8 19. Qxc4 b5 20. Qb3 Nxf4 21. Qe3 Ng6 22. Bd6 Nc6 23. Rad1 Qa5 24. Rxd5 exd5 25. Rd1 d4 26. Nxd4 Qb6 27. Nxf5 Qxe3+ 28. Nxe3 Ncxe5 29. Kf2 Rc8 30. Rd5 Nc4 31. Nxc4 Rxc4 32. Rxb5 Rxc2+ 33. Kg3 a6 34. Rb6 h5 35. Rxa6 h4+ 36. Kf3 Kh7 37. a4 h3 38. gxh3 Rc3+ 39. Kg4 Rc4+ 40. Kf5 Nh4+ 41. Ke6 Nf3 42. Kd5 Rc3 43. Ke6 Re3+ 44. Kd7 Rd3 45. Kc6 Rc3+ 46. Bc5 Nxh2 47. Rb6 Nf3 48. a5 Ne5+ 49. Kd5 Nd7 50. Rc6 Nxc5 51. Rxc5 Rxh3 52. a6 Ra3 53. Rc6 g6 54. Kd6 Kh6 55. Kc7 Kh5 56. Kb7 g5 57. a7 Rxa7+ 58. Kxa7 g4 59. Rc8 g3 60. Rh8+ Kg4 61. Rg8+ Kf3 62. Kb6 g2 63. Rf8+ Ke2 64. Rg8 Kf2 65. Rf8+ Ke2 66. Rg8 Kf2 67. Kc5 g1=Q 68. Rxg1 Kxg1 1/2-1/2


[Site "https://www.chess.com"]

[Event "Early Titled Tuesday Blitz | February 8 2022"]
[White "Ponkratov, Pavel"]
[Black "Rakhmanov, Aleksandr"]
[WhiteFideId "4157800"]
[BlackFideId "4173708"]
[WhiteElo "2487"]
[BlackElo "2500"]
[Result "0-1"]
[Round "09"]
[TimeControl "180+1"]
[Date "2022.02.08"]
[WhiteClock "0:00:41"]
[BlackClock "0:00:08"]

1. d4 Nf6 2. c4 d6 3. Nc3 e5 4. Nf3 e4 5. Nd2 Bf5 6. e3 c6 7. Be2 d5 8. g4 Be6 9. g5 Nfd7 10. cxd5 cxd5 11. Qb3 Nb6 12. a4 a5 13. h4 Nc6 14. Qb5 Bb4 15. Na2 O-O 16. Nxb4 Nxb4 17. Kf1 Nc8 18. Bd1 Nd6 19. Qe2 f5 20. f4 exf3 21. Nxf3 Ne4 22. Kg2 Qd6 23. Ne5 Nc6 24. Nd3 Qg3+ 25. Kf1 f4 26. Nxf4 Nxd4 27. Qg2 Rxf4+ 28. exf4 Qd3+ 29. Ke1 Re8 30. Ra3 Qc4 31. Be3 Bd7 32. Qf1 Qb4+ 33. Rc3 Nxc3 34. bxc3 Rxe3+ 35. Kf2 Qxc3 36. Rh2 Qd2+ 37. Kg1 Rg3+ 38. Kh1 Qe3 39. h5 Bf5 40. Rb2 Rh3+ 41. Kg2 Be4+ 42. Bf3 Rxf3 0-1


[Site "https://www.chess.com"]

[Event "Early Titled Tuesday Blitz | February 8 2022"]
[White "Popadic, Dragan"]
[Black "Zhigalko, Sergei"]
[WhiteFideId "913650"]
[BlackFideId "13502956"]
[WhiteElo "2199"]
[BlackElo "2662"]
[Result "0-1"]
[Round "09"]
[TimeControl "180+1"]
[Date "2022.02.08"]
[WhiteClock "0:00:01"]
[BlackClock "0:00:08"]

1. e4 c5 2. Nc3 Nc6 3. f4 g6 4. Nf3 Bg7 5. Bc4 e6 6. f5 Nge7 7. fxe6 fxe6 8. d3 d5 9. Bb3 b5 10. O-O c4 11. dxc4 dxc4 12. Qxd8+ Kxd8 13. Nxb5 cxb3 14. axb3 Bd7 15. Rd1 h6 16. Be3 Bxb2 17. Ra2 Bg7 18. Bb6+ Kc8 19. Nd6+ Kb8 20. Bf2 Rf8 21. Bg3 e5 22. Nc4 Bg4 23. Rf1 Bxf3 24. gxf3 g5 25. c3 Ng6 26. b4 Nf4 27. b5 Nd8 28. Rd1 Kc7 29. b6+ Kc6 30. bxa7 Nde6 31. Ra6+ Kc7 32. Rdd6 Nd8 33. Na5 Ne2+ 34. Kg2 Nxc3 35. Rdc6+ Nxc6 36. Rxc6+ Kd7 37. Rxc3 Rxa7 38. Nb3 Rc7 39. Rd3+ Ke6 40. Na5 Ra8 41. Nb3 Rb8 42. Nd2 Rb2 43. Kh3 Rcc2 0-1


[Site "https://www.chess.com"]

[Event "Early Titled Tuesday Blitz | February 8 2022"]
[White "Potapova, Margarita"]
[Black "Guseva, Marina"]
[WhiteFideId "14126869"]
[BlackFideId "4149351"]
[WhiteElo "2209"]
[BlackElo "2232"]
[Result "1-0"]
[Round "09"]
[TimeControl "180+1"]
[Date "2022.02.08"]
[WhiteClock "0:00:16"]
[BlackClock "0:00:01"]

1. d4 Nf6 2. c4 e6 3. Nc3 Bb4 4. Qc2 d5 5. cxd5 Qxd5 6. Nf3 Qf5 7. Qa4+ Nc6 8. g3 O-O 9. Bg2 Ne4 10. O-O Nxc3 11. bxc3 Bxc3 12. Ba3 Bxa1 13. Bxf8 Kxf8 14. Rxa1 Qa5 15. Qc2 Kg8 16. h4 h6 17. e3 Bd7 18. Rb1 Rb8 19. Nd2 Qa3 20. Ne4 Be8 21. Nc5 Nb4 22. Qb3 Qxb3 23. Rxb3 Nd5 24. Nxb7 Kf8 25. Nc5 Rxb3 26. axb3 Bb5 27. Bf1 Bxf1 28. Kxf1 Ke7 29. Ke2 Kd6 30. Kd3 Kc6 31. Kc4 Nb6+ 32. Kd3 Nd5 33. Kc4 1-0


[Site "https://www.chess.com"]

[Event "Early Titled Tuesday Blitz | February 8 2022"]
[White "Praslov, Andrey"]
[Black "Komiagina, Maria"]
[WhiteFideId "4147863"]
[BlackFideId "4153987"]
[WhiteElo "2370"]
[BlackElo "1945"]
[Result "0-1"]
[Round "09"]
[TimeControl "180+1"]
[Date "2022.02.08"]
[WhiteClock "0:00:03"]
[BlackClock "0:00:17"]

1. d4 Nf6 2. c4 e6 3. Nc3 d5 4. cxd5 exd5 5. Bg5 c6 6. e3 Be7 7. Bd3 h6 8. Bh4 O-O 9. Qc2 Na6 10. a3 Nc7 11. Nf3 Re8 12. O-O Ne4 13. Bxe7 Qxe7 14. Bxe4 dxe4 15. Ne5 f5 16. f3 exf3 17. Rxf3 Be6 18. Raf1 Rad8 19. Rg3 c5 20. Ne2 cxd4 21. exd4 Nd5 22. Qd2 Kh7 23. Qd3 Bc8 24. Qf3 Nf6 25. h4 Ne4 26. Rh3 Nd2 27. Qg3 Nxf1 28. Qg6+ Kg8 29. Kxf1 Qe6 30. Qg3 f4 31. Nxf4 Rf8 32. Kg1 Qd6 0-1


[Site "https://www.chess.com"]

[Event "Early Titled Tuesday Blitz | February 8 2022"]
[White "Przybylski, Wojciech"]
[Black "Aloma Vidal, Robert"]
[WhiteFideId "1117599"]
[BlackFideId "2260409"]
[WhiteElo "2133"]
[BlackElo "2435"]
[Result "1/2-1/2"]
[Round "09"]
[TimeControl "180+1"]
[Date "2022.02.08"]
[WhiteClock "0:00:04"]
[BlackClock "0:01:01"]

1. d4 d5 2. c4 c6 3. Nf3 Nf6 4. e3 a6 5. c5 g6 6. Nc3 Bg7 7. Ne5 O-O 8. Be2 Nfd7 9. f4 f6 10. Nxd7 Nxd7 11. O-O e5 12. Bd2 exd4 13. exd4 f5 14. Be3 Re8 15. Rf3 Nf6 16. h3 Be6 17. Na4 Bf7 18. Nb6 Rb8 19. Kh2 Qc7 20. b4 Rxe3 21. Rxe3 Qxf4+ 22. Rg3 Ne4 23. Qd3 Qxg3+ 24. Qxg3 Nxg3 25. Kxg3 Bxd4 26. Rd1 Bc3 27. a3 Re8 28. Kf2 a5 29. b5 Kg7 30. a4 Bb4 31. Rc1 Kf6 32. Bf3 g5 33. Rc2 h5 34. g4 fxg4 35. hxg4 h4 36. Kg2 Kg7 37. Be2 Bg6 38. Rb2 Bxc5 39. bxc6 bxc6 40. Nd7 Bd6 41. Bf3 Re7 42. Nb8 Bxb8 43. Rxb8 Be4 44. Rc8 h3+ 45. Kg3 Bxf3 46. Kxf3 h2 47. Kg2 Re2+ 48. Kh1 Re4 49. Rxc6 Rxg4 50. Rc5 Rxa4 51. Rxd5 Kg6 52. Kxh2 Kh5 53. Kg3 Ra3+ 54. Kg2 a4 55. Ra5 Kg4 56. Kf2 Ra2+ 57. Kg1 Kg3 58. Rxg5+ Kf3 59. Rf5+ Ke4 60. Rh5 a3 61. Rh3 Kd4 62. Kh1 Kc4 63. Rg3 Kb4 64. Rg4+ Kc3 65. Rg3+ Kb4 66. Rg4+ Kc5 67. Rg5+ Kd4 68. Rg4+ Ke3 69. Rg3+ Kf4 70. Rb3 Kg4 71. Rc3 Kf5 72. Rb3 Ke4 73. Rg3 Ra1+ 74. Kh2 Kd4 75. Rf3 Kc4 76. Rg3 Kb5 77. Rg5+ Ka4 78. Rg4+ Kb3 79. Rg3+ Kc2 80. Rg2+ Kd3 81. Rg3+ Ke4 82. Rb3 Kd4 83. Rf3 Kc4 84. Rg3 a2 85. Ra3 Kb4 86. Ra8 Kc3 87. Rc8+ Kd4 88. Rd8+ Kc5 89. Ra8 Kb6 90. Ra3 Kb5 91. Ra8 Kb4 92. Rb8+ Kc3 93. Rc8+ Kd2 94. Rd8+ Ke3 95. Ra8 Kf3 96. Rf8+ Kg4 97. Rg8+ Kf5 98. Rf8+ Ke6 99. Ra8 Kd7 100. Ra6 Kc7 101. Ra3 Kb6 102. Kg2 Kb7 103. Kh2 Kc6 104. Kg2 Kb5 105. Kh2 Kb4 106. Ra8 Kb3 107. Rb8+ Kc3 108. Rc8+ 1/2-1/2


[Site "https://www.chess.com"]

[Event "Early Titled Tuesday Blitz | February 8 2022"]
[White "Quintiliano Pinto, Renato R."]
[Black "Indjic, Aleksandar"]
[WhiteFideId "2117568"]
[BlackFideId "911925"]
[WhiteElo "2439"]
[BlackElo "2616"]
[Result "0-1"]
[Round "09"]
[TimeControl "180+1"]
[Date "2022.02.08"]
[WhiteClock "0:00:14"]
[BlackClock "0:00:15"]

1. Nf3 d5 2. e3 Nf6 3. c4 c6 4. d4 Bg4 5. Qb3 Qb6 6. cxd5 Qxb3 7. axb3 Nxd5 8. Ne5 Bf5 9. Bd2 Nd7 10. Nxd7 Kxd7 11. Na3 f6 12. Nc4 e6 13. f3 Bg6 14. e4 Nc7 15. Na5 Kc8 16. Rc1 Bd6 17. b4 Kb8 18. Kf2 Rd8 19. Nb3 a6 20. Be2 f5 21. e5 Be7 22. Bc4 Bf7 23. Rhd1 Ka7 24. Bc3 Nd5 25. Nc5 Rac8 26. Be1 Nc7 27. Ra1 Kb8 28. Bc3 h5 29. f4 g5 30. fxg5 Bxg5 31. Rd3 h4 32. Bd2 Bxd2 33. Rxd2 Nd5 34. Bxd5 Rxd5 35. Ke3 Rg8 36. Rf1 b6 37. Nd3 Rb5 38. Rf4 Rh8 39. Rc2 Be8 40. Rc4 Kb7 41. Rf2 a5 42. bxa5 Rxa5 43. Nf4 Bd7 44. Rfc2 Ra1 45. R4c3 Rg8 46. Rb3 Re1+ 47. Kf3 Re4 48. Nd3 Rxd4 49. Nc5+ Kc7 50. Nxd7 Rxd7 51. Rb4 c5 52. Rxh4 Rd5 53. Re2 Kc6 54. Rh6 Re8 55. Rf6 c4 56. h4 Kc5 57. h5 b5 58. h6 b4 59. Rf7 Rd3+ 60. Kf4 Rg8 61. h7 Rg4# 0-1


[Site "https://www.chess.com"]

[Event "Early Titled Tuesday Blitz | February 8 2022"]
[White "Quirke, Jeffrey"]
[Black "Samarth, J Rao"]
[WhiteFideId "2013029"]
[BlackFideId "46652370"]
[WhiteElo "2263"]
[BlackElo "1514"]
[Result "0-1"]
[Round "09"]
[TimeControl "180+1"]
[Date "2022.02.08"]
[WhiteClock "0:00:02"]
[BlackClock "0:00:07"]

1. d4 Nf6 2. c4 e6 3. Nc3 Bb4 4. Qc2 O-O 5. e4 d5 6. e5 Ne4 7. Bd3 c5 8. Nf3 cxd4 9. Nxd4 Nd7 10. Bf4 Ndc5 11. O-O a6 12. Nxe4 dxe4 13. Bxe4 Qxd4 14. Bxh7+ Kh8 15. Bg3 g6 16. Bxg6 fxg6 17. Qxg6 Qe4 18. Qh6+ Kg8 19. a3 Nb3 20. axb4 Nxa1 21. Qg5+ Kf7 22. Bh4 Qg6 23. Qe7+ Kg8 24. Bf6 Nc2 25. Rd1 Nxb4 26. h4 Nc6 27. Qd6 Rxf6 28. exf6 Qxf6 29. Rd3 Qe5 30. Rg3+ Kh7 31. Qd3+ Qf5 32. Qe3 e5 33. Rg5 Qf4 34. Qc5 Be6 0-1


[Site "https://www.chess.com"]

[Event "Early Titled Tuesday Blitz | February 8 2022"]
[White "Redzisz, Michal"]
[Black "Gurevich, Dmitry"]
[WhiteFideId "21816107"]
[BlackFideId "2000407"]
[WhiteElo "1961"]
[BlackElo "2506"]
[Result "0-1"]
[Round "09"]
[TimeControl "180+1"]
[Date "2022.02.08"]
[WhiteClock "0:00:01"]
[BlackClock "0:00:08"]

1. Nf3 Nf6 2. b3 g6 3. Bb2 Bg7 4. g3 O-O 5. Bg2 d6 6. O-O e5 7. d3 c5 8. Nbd2 Nc6 9. c4 Re8 10. a3 d5 11. cxd5 Nxd5 12. Rc1 e4 13. dxe4 Bxb2 14. Rc2 Nc3 15. Qe1 Bxa3 16. Rxc3 Bb4 17. Rd3 Qf6 18. Qc1 Be6 19. e5 Nxe5 20. Ne4 Nxf3+ 21. Bxf3 Qe5 22. Nd6 Re7 23. Nxb7 Rf8 24. Nd8 Rc7 25. Nc6 Rxc6 26. Bxc6 Qxe2 27. Re3 Qa6 28. Bf3 h5 29. Be2 Qc6 30. Bf3 Qb6 31. Rd1 a5 32. Red3 Bf5 33. Rd6 Qc7 34. Qg5 Re8 35. Bxh5 Qe7 36. Qxe7 Rxe7 37. Bf3 Kg7 38. Rc6 Bc2 39. Rc1 Bxb3 40. R6xc5 Bxc5 41. Rxc5 Ra7 42. Rc1 a4 43. Ra1 a3 44. Bd1 Be6 0-1


[Site "https://www.chess.com"]

[Event "Early Titled Tuesday Blitz | February 8 2022"]
[White "Reprintsev, Alexander"]
[Black "Jaivardhan Raj"]
[WhiteFideId "14100541"]
[BlackFideId "25744437"]
[WhiteElo "2126"]
[BlackElo "1375"]
[Result "1-0"]
[Round "09"]
[TimeControl "180+1"]
[Date "2022.02.08"]
[WhiteClock "0:01:42"]
[BlackClock "0:00:36"]

1. e4 c5 2. b3 b6 3. d4 cxd4 4. Qxd4 Bb7 5. Bb2 e6 6. Nc3 Nf6 7. O-O-O Bc5 8. Qd2 Bb4 9. f3 O-O 10. a3 Be7 11. e5 Nh5 12. Kb1 Nc6 13. Ne4 g6 14. Qxd7 Qxd7 15. Rxd7 Rab8 16. g4 Nf4 17. Ne2 Nxe2 18. Bxe2 Rfd8 19. Rhd1 Rxd7 20. Rxd7 Kf8 21. Nd6 Bxd6 22. exd6 Ke8 23. Rc7 Nd8 24. Bf6 Bc8 25. Bb5+ Kf8 26. Bxd8 1-0


[Site "https://www.chess.com"]

[Event "Early Titled Tuesday Blitz | February 8 2022"]
[White "Roman, Rodrigo"]
[Black "Shubenkova, Veronika"]
[WhiteFideId "3701220"]
[BlackFideId "44124040"]
[WhiteElo "2001"]
[BlackElo "1938"]
[Result "0-1"]
[Round "09"]
[TimeControl "180+1"]
[Date "2022.02.08"]
[WhiteClock "0:00:05"]
[BlackClock "0:00:04"]

1. e4 c6 2. Ne2 d5 3. e5 Bf5 4. Ng3 Bg6 5. h4 h6 6. h5 Bh7 7. e6 fxe6 8. d4 Qd6 9. f4 Nd7 10. c3 O-O-O 11. b4 Ngf6 12. Bd3 Ne4 13. Nxe4 dxe4 14. Bc4 Nf6 15. Be3 Nd5 16. Qd2 g6 17. Na3 Bg7 18. Nc2 Rhf8 19. g3 g5 20. Rf1 gxf4 21. gxf4 Bf6 22. Be2 Bh4+ 23. Kd1 Nxe3+ 24. Qxe3 Rg8 25. Kc1 Rg3 26. Qd2 Rdg8 27. Ne3 Bf5 28. Kb2 Bf6 29. a4 Kb8 30. a5 a6 31. Rae1 Ka8 32. Nc4 Qd8 33. Ne3 Rh3 34. Rg1 Rgg3 35. Rxg3 Rxg3 36. Bd1 c5 37. bxc5 Qxa5 38. Bb3 Bh3 39. Nc4 Qc7 40. Rxe4 Rg2 41. Re2 Rxe2 42. Qxe2 Qxf4 43. Nb6+ Ka7 44. Bxe6 Bf1 45. Qc2 Bg5 46. Bc4 Bg2 47. Bd5 Bh3 48. Nc4 Bf5 49. Qd1 Qf2+ 50. Kb3 Bd7 51. Ne5 Be8 52. Qf3 Qe1 53. Bxb7 Qb1+ 54. Kc4 Qb5+ 55. Kd5 Qxb7+ 56. c6 e6+ 57. Kxe6 Qe7+ 58. Kf5 Qf6+ 59. Ke4 Bxc6+ 60. Nxc6+ Qxc6+ 61. d5 Qa4+ 62. Ke5 Qe8+ 63. Kd4 Qe7 64. Qg4 Qe3+ 65. Kc4 Kb6 66. d6 Qc5+ 67. Kb3 Qxd6 68. Qg1+ Qc5 69. Qg4 Qb5+ 70. Kc2 a5 71. Qc8 Qc6 72. Qb8+ Qb7 73. Qd6+ Ka7 74. Qc5+ Qb6 75. Qd6 Qxd6 76. Kb3 Bf6 77. Ka4 Ka6 78. Kb3 Qc5 79. Ka4 Qc4+ 80. Ka3 Qxc3+ 81. Ka4 Qb4# 0-1


[Site "https://www.chess.com"]

[Event "Early Titled Tuesday Blitz | February 8 2022"]
[White "Rostovtsev, Dmitry"]
[Black "Pires, Marcos Vinicius Torsani"]
[WhiteFideId "34278320"]
[BlackFideId "2118939"]
[WhiteElo "2218"]
[BlackElo "2273"]
[Result "1-0"]
[Round "09"]
[TimeControl "180+1"]
[Date "2022.02.08"]
[WhiteClock "0:00:23"]
[BlackClock "0:00:10"]

1. e4 c6 2. d4 d5 3. e5 Qc7 4. Nf3 c5 5. dxc5 Bg4 6. Qxd5 e6 7. Bb5+ Nc6 8. Qe4 Bxf3 9. Qxf3 Bxc5 10. O-O Ne7 11. Qg3 O-O 12. Nc3 Qxe5 13. Bf4 Qh5 14. Ne4 Bxf2+ 15. Rxf2 Qxb5 16. Bh6 Ng6 17. Bg5 Qe5 18. Qd3 h6 19. Be3 Rad8 20. Qc4 Qxb2 21. Raf1 Nge5 22. Qb3 Qxb3 23. axb3 Ng4 24. Re2 Nxe3 25. Rxe3 Rd5 26. Rg3 f5 27. Nc3 Rd2 28. Nb5 Rd7 29. c4 a6 30. Nc3 Rfd8 31. Na4 Nd4 32. Re3 Re7 33. b4 e5 34. Nb6 Nc2 35. Re2 Nxb4 36. Rxf5 Rd1+ 37. Kf2 Nd3+ 38. Kg3 g6 39. Nd5 Rf7 40. Rf3 Rxf3+ 41. Kxf3 Kg7 42. Ke4 a5 43. Ra2 a4 44. Nc3 Nf2+ 45. Rxf2 Rc1 46. Kd3 a3 47. Ra2 Rh1 48. h3 Rg1 49. Ke4 h5 50. Kxe5 g5 51. Kf5 Kh6 52. Ne4 Rc1 53. c5 Rc4 54. Rxa3 g4 55. hxg4 hxg4 56. Rb3 Kh5 57. Rxb7 g3 58. Rh7# 1-0


[Site "https://www.chess.com"]

[Event "Early Titled Tuesday Blitz | February 8 2022"]
[White "Rudykh, Stepan"]
[Black "Mejia, Cherry Ann"]
[WhiteFideId "4180321"]
[BlackFideId "5206880"]
[WhiteElo "2135"]
[BlackElo "2007"]
[Result "1-0"]
[Round "09"]
[TimeControl "180+1"]
[Date "2022.02.08"]
[WhiteClock "0:00:09"]
[BlackClock "0:00:12"]

1. e4 c5 2. Nf3 Nc6 3. d4 cxd4 4. Nxd4 Qb6 5. Nb3 Nf6 6. Bd3 e6 7. O-O a6 8. Qe2 d6 9. Be3 Qc7 10. a4 b6 11. N1d2 Be7 12. f4 O-O 13. f5 Ne5 14. Nd4 Neg4 15. Bf2 e5 16. N4b3 Nxf2 17. Rxf2 d5 18. Kh1 Bb7 19. Re1 dxe4 20. Nxe4 Nxe4 21. Bxe4 Bh4 22. g3 Bf6 23. Bxb7 Qxb7+ 24. Qe4 Qxe4+ 25. Rxe4 Rfd8 26. Kg2 Rac8 27. c3 Rd3 28. Rb4 Rc6 29. Rd2 Rxd2+ 30. Nxd2 Be7 31. Rc4 Rd6 32. Rc8+ Rd8 33. Rxd8+ Bxd8 34. Ne4 Bc7 35. b4 f6 36. c4 Kf7 37. c5 bxc5 38. Nxc5 a5 39. b5 g6 40. g4 Ke7 41. Kf3 Bd8 42. Ke4 Kd6 43. Nb7+ Kc7 44. Nxd8 Kxd8 45. fxg6 hxg6 46. h4 Ke7 47. h5 gxh5 48. gxh5 Ke6 49. h6 f5+ 50. Ke3 Kd5 51. h7 f4+ 52. Kf2 e4 53. h8=Q 1-0


[Site "https://www.chess.com"]

[Event "Early Titled Tuesday Blitz | February 8 2022"]
[White "Sadhwani, Raunak"]
[Black "Molina, Roberto Junio Brito"]
[WhiteFideId "35093487"]
[BlackFideId "2109450"]
[WhiteElo "2616"]
[BlackElo "2402"]
[Result "1-0"]
[Round "09"]
[TimeControl "180+1"]
[Date "2022.02.08"]
[WhiteClock "0:00:11"]
[BlackClock "0:00:05"]

1. d4 d5 2. Nf3 Nf6 3. Bf4 e6 4. e3 Bd6 5. Nbd2 Bxf4 6. exf4 c5 7. dxc5 Qa5 8. Bd3 Nbd7 9. O-O Nxc5 10. Nb3 Qc7 11. Nxc5 Qxc5 12. c3 O-O 13. Qe2 Qc7 14. g3 b6 15. a4 Bb7 16. Nd4 Nd7 17. Rfe1 Nc5 18. Bc2 g6 19. h4 Rfe8 20. h5 Kg7 21. Kg2 a5 22. Qg4 Ne4 23. Rh1 f5 24. Qh4 Qe7 25. hxg6 Qxh4 26. Rxh4 hxg6 27. Rah1 Nf6 28. Re1 Bc8 29. Bd3 Bd7 30. Bb5 Bxb5 31. axb5 Kf7 32. f3 a4 33. Ra1 Ra5 34. Ra3 Rc8 35. Rh1 Nh5 36. Re1 Re8 37. Rea1 Rea8 38. Re1 Re8 39. Kf2 Nf6 40. Re2 Nd7 41. Nc6 Raa8 42. Re1 Nc5 43. Rea1 Rac8 44. Kg2 Rc7 45. Rh1 Kg7 46. Nd4 Kf6 47. Nc6 Kg7 48. Ne5 Ra8 49. Kf2 Ra5 50. Re1 Rxb5 51. Re2 Ra5 52. Ke3 Raa7 53. Rg2 Nd7 54. Nd3 Nc5 55. Ne5 Nd7 56. Nd3 Nc5 57. Nb4 Kf6 58. Nc2 b5 59. Nd4 Rab7 60. Nc2 Nb3 61. g4 Rc4 62. g5+ Kg7 63. Re2 Rbc7 64. Kf2 Kf7 65. Re1 d4 66. Nxd4 Nxd4 67. cxd4 Rxd4 68. Kg3 Rcc4 69. Rae3 Rd6 70. R3e2 Rb4 71. Rh1 Ke7 72. Rh7+ Kd8 73. Rg7 Rb3 74. Rxg6 Rdd3 75. Rf2 Ke7 76. Rh6 b4 77. Rh7+ Kd6 78. g6 a3 79. bxa3 Rxa3 80. g7 b3 81. g8=Q 1-0


[Site "https://www.chess.com"]

[Event "Early Titled Tuesday Blitz | February 8 2022"]
[White "Samaganova, Aleksandra"]
[Black "Manon-og, Ramon Jr."]
[WhiteFideId "13800221"]
[BlackFideId "5200776"]
[WhiteElo "1859"]
[BlackElo "2330"]
[Result "0-1"]
[Round "09"]
[TimeControl "180+1"]
[Date "2022.02.08"]
[WhiteClock "0:00:02"]
[BlackClock "0:01:12"]

1. e4 c5 2. Nf3 d6 3. d4 cxd4 4. Nxd4 Nf6 5. Bd3 e5 6. Nf3 Be7 7. O-O Bg4 8. h3 Bh5 9. Nc3 O-O 10. Be2 Nbd7 11. Be3 a6 12. Qd2 b5 13. a3 Rc8 14. Rad1 Nc5 15. Bxc5 Rxc5 16. Qe3 Qc7 17. Rd2 h6 18. Rfd1 Qc6 19. Ne1 Bg6 20. Bf3 Rxc3 21. bxc3 Bxe4 22. Rb1 Bxf3 23. Nxf3 Rc8 24. Rb3 Nd5 25. Qe4 Nxc3 26. Qxc6 Rxc6 27. Kf1 f6 28. Nh4 d5 29. Nf5 Bf8 30. f3 d4 31. Kf2 a5 32. Ng3 a4 33. Rb2 Bxa3 0-1


[Site "https://www.chess.com"]

[Event "Early Titled Tuesday Blitz | February 8 2022"]
[White "Sanal, Vahap"]
[Black "Maevsky, Nikolay"]
[WhiteFideId "6300545"]
[BlackFideId "4198220"]
[WhiteElo "2603"]
[BlackElo "2104"]
[Result "1-0"]
[Round "09"]
[TimeControl "180+1"]
[Date "2022.02.08"]
[WhiteClock "0:01:49"]
[BlackClock "0:00:01"]

1. Nf3 Nf6 2. b3 d5 3. Bb2 Bf5 4. e3 e6 5. d3 h6 6. Nbd2 Nbd7 7. Be2 c6 8. O-O a5 9. a3 Bd6 10. e4 dxe4 11. dxe4 Bxe4 12. Nxe4 Nxe4 13. Bxg7 Rg8 14. Bb2 Qc7 15. Bd3 Ng5 16. Kh1 O-O-O 17. b4 f5 18. bxa5 Nc5 19. a6 Nxf3 20. Qxf3 bxa6 21. Rab1 Rg4 22. h3 Rf4 23. Qe2 Nxd3 24. cxd3 e5 25. d4 exd4 26. Bc1 Qa5 27. Qe6+ Kc7 28. Bxf4 Bxf4 29. Qf7+ Rd7 30. Rb7+ Kxb7 31. Qxd7+ Qc7 32. Rb1+ Ka8 33. Qxd4 Bd6 34. Qh8+ Ka7 35. Qxh6 c5 36. Qe6 c4 37. Qxf5 c3 38. Qc2 Bxa3 39. Rb3 Bb2 40. Rxb2 1-0


[Site "https://www.chess.com"]

[Event "Early Titled Tuesday Blitz | February 8 2022"]
[White "Sarana, Alexey"]
[Black "Seo, Jung Min"]
[WhiteFideId "24133795"]
[BlackFideId "1734687"]
[WhiteElo "2665"]
[BlackElo "2401"]
[Result "1-0"]
[Round "09"]
[TimeControl "180+1"]
[Date "2022.02.08"]
[WhiteClock "0:00:18"]
[BlackClock "0:00:04"]

1. d4 Nf6 2. c4 e6 3. Nc3 Bb4 4. e3 O-O 5. Bd3 d5 6. a3 Bxc3+ 7. bxc3 dxc4 8. Bxc4 c5 9. Ne2 b6 10. f3 Ba6 11. Bxa6 Nxa6 12. e4 cxd4 13. cxd4 Qd7 14. O-O h6 15. Bf4 Rfc8 16. Be5 Ne8 17. Qd3 Nc5 18. Qe3 Na4 19. d5 exd5 20. Rad1 Qe7 21. Rxd5 Rd8 22. Rxd8 Rxd8 23. Ba1 Nc5 24. Nf4 Ne6 25. Nd5 Qc5 26. Kf2 Qxe3+ 27. Kxe3 N8c7 28. Ne7+ Kf8 29. Nc6 Ra8 30. Be5 f6 31. Bg3 Ne8 32. Rd1 a6 33. Rd7 Rc8 34. Ne7 Rc3+ 35. Kd2 Rxa3 36. Ng6+ Kg8 37. Re7 Nc5 38. h4 Ra2+ 39. Ke3 Rxg2 40. h5 Rxg3 41. Rxe8+ Kf7 42. Re7+ Kg8 43. Ke2 Rg2+ 44. Ke3 Rg3 45. Ke2 Rg2+ 46. Kf1 Rg5 47. f4 Rxh5 48. f5 Nxe4 49. Re8+ Kf7 50. Rf8# 1-0


[Site "https://www.chess.com"]

[Event "Early Titled Tuesday Blitz | February 8 2022"]
[White "Sargsyan, Anna M."]
[Black "Aggelis, Nikolaos"]
[WhiteFideId "13308130"]
[BlackFideId "4213220"]
[WhiteElo "2271"]
[BlackElo "2154"]
[Result "1-0"]
[Round "09"]
[TimeControl "180+1"]
[Date "2022.02.08"]
[WhiteClock "0:01:16"]
[BlackClock "0:00:08"]

1. d4 Nf6 2. c4 g6 3. g3 d5 4. cxd5 Nxd5 5. Bg2 Nc6 6. e4 Nb6 7. d5 Na5 8. Ne2 Bg7 9. O-O c6 10. Nbc3 cxd5 11. exd5 Nac4 12. b3 Nd6 13. a4 O-O 14. a5 Nd7 15. Bb2 Nc5 16. b4 Nce4 17. Qb3 Nxc3 18. Bxc3 Bxc3 19. Nxc3 Bf5 20. Rfe1 Re8 21. Ne2 Qd7 22. Nd4 Bh3 23. Bh1 Rac8 24. a6 Nf5 25. Ne2 bxa6 26. Nf4 Nd6 27. Rxa6 Bf5 28. Rea1 Rc7 29. Bg2 Rb8 30. h3 Be4 31. Bf1 Rcb7 32. Qe3 Qf5 33. Rxa7 Bxd5 34. Nxd5 Qxd5 35. Bg2 Rxa7 36. Qxa7 Qb5 37. Qxe7 Qxb4 38. Bd5 Re8 39. Bxf7+ Kg7 40. Bxe8+ 1-0


[Site "https://www.chess.com"]

[Event "Early Titled Tuesday Blitz | February 8 2022"]
[White "Sarkar, Justin"]
[Black "Jain Kashish Manoj"]
[WhiteFideId "2010011"]
[BlackFideId "35081098"]
[WhiteElo "2038"]
[BlackElo "1681"]
[Result "0-1"]
[Round "09"]
[TimeControl "180+1"]
[Date "2022.02.08"]
[WhiteClock "0:00:01"]
[BlackClock "0:00:56"]

1. e4 e6 2. d4 d5 3. Nc3 Bb4 4. e5 c5 5. a3 Bxc3+ 6. bxc3 Qc7 7. Qg4 f6 8. Qg3 Nc6 9. Nf3 Qf7 10. Be2 Nge7 11. O-O Qg6 12. exf6 Qxg3 13. f7+ Kxf7 14. fxg3 Rf8 15. Ng5+ Kg8 16. Rxf8+ Kxf8 17. Nxh7+ Kg8 18. Ng5 cxd4 19. Bd3 dxc3 20. Be3 e5 21. Bh7+ Kh8 22. Rf1 Bd7 23. Bc5 Re8 24. h4 e4 25. h5 b6 26. Bd6 Nc8 27. Bc7 N8e7 28. Bg6 Nxg6 29. hxg6 Kg8 30. Rf4 Ne5 31. Bxe5 Rxe5 32. Nf7 Rf5 33. Rh4 Kf8 34. Rh8+ Ke7 0-1


[Site "https://www.chess.com"]